 Dungeon Crawl Stone Soup version 0.31-a0-1611-g890cdf5628 (webtiles) character file.

Game seed: 14067217668700269691

29766 Newt the Impaler (level 13, 0/90 HPs)
             Began as a Merfolk Gladiator on Jan 8, 2024.
             Was an Elder of Hepliaklqana.
             Slain by an ogre mage
             ... wielding a +0 whip of electrocution
              (9 damage)
             ... on level 13 of the Dungeon.
             The game lasted 00:25:29 (16334 turns).

Newt the Impaler (Merfolk Gladiator)               Turns: 16334, Time: 00:25:29

Health: 0/90       AC: 16    Str: 37    XL:     13   Next: 47%
Magic:  21/21      EV: 18    Int:  8    God:    Hepliaklqana [****..]
Gold:   657        SH:  0    Dex: 18    Spells: 21/23 levels left

rFire   . . .        v - +1 trident (flame)
rCold   + . .        (no shield)
rNeg    + . .        q - +0 ring mail of Ubobucheh {rPois rC+ Will+ Str+4}
rPois   +            A - +2 helmet {SInv}
rElec   +            E - +0 cloak
rCorr   +            S - +0 pair of gloves
SInv    +            L - +1 pair of boots of Xyripse {-Tele rCorr Str+6}
Will    +....        m - amulet "Toewof" {Faith rElec rN+ Str+3 Dex+2}
Stlth   +++          g - +6 ring of strength
HPRegen 0.35/turn    G - +4 ring of protection
MPRegen 0.17/turn

%: no teleportation, faith
@: no status effects
A: reduced essence, (nimble swimmer 2), mertail
a: Renounce Religion, Recall Ancestor, Ancestor Identity, Transference, Idealise


You were on level 13 of the Dungeon.
You worshipped Hepliaklqana.
Hepliaklqana was greatly pleased with you.
You visited 1 branch of the dungeon, and saw 13 of its levels.

You collected 932 gold pieces.
You spent 275 gold pieces at shops.

Inventory:

Hand Weapons
 a - a +0 trident
 v - a +1 trident of flaming (weapon)
Missiles
 e - 6 javelins (quivered)
Armour
 q - the +0 ring mail of Ubobucheh (worn) {rPois rC+ Will+ Str+4}
   (You found it on level 3 of the Dungeon)

   Str+4:     It affects your strength (+4).
   rC+:       It protects you from cold.
   rPois:     It protects you from poison Will+: It increases your willpower.
 A - a +2 helmet of see invisible (worn)
 E - a +0 cloak (worn)
 L - the +1 pair of boots of Xyripse (worn) {-Tele rCorr Str+6}
   (You bought it in a shop on level 9 of the Dungeon)

   Str+6:     It affects your strength (+6).
   -Tele:     It prevents most forms of teleportation.
   rCorr:     It protects you from acid and corrosion.
 P - a +0 troll leather armour
 S - a +0 pair of gloves (worn)
Jewellery
 g - a +6 ring of strength (left hand)
 m - the amulet "Toewof" (around neck) {Faith rElec rN+ Str+3 Dex+2}
   (You found it on level 11 of the Dungeon)

   [amulet of faith]

   Faith:     It allows you to gain divine favour quickly.
   Str+3:     It affects your strength (+3).
   Dex+2:     It affects your dexterity (+2).
   rElec:     It insulates you from electricity.
   rN+:       It protects you from negative energy.
 B - a ring of resist corrosion
 G - a +4 ring of protection (right hand)
 H - a ring of protection from fire
 M - a ring of wizardry
 Q - a ring of see invisible
 U - a ring of ice
 V - a ring of protection from cold
 W - the ring of Wu Jian's Esteem {rC+ Dex+2}
   (You found it on level 12 of the Dungeon)

   [ring of protection from cold]

   Dex+2:     It affects your dexterity (+2).
   rC+:       It protects you from cold.
Wands
 d - a wand of roots (28)
 f - a wand of mindburst (12)
 l - a wand of polymorph (3)
 s - a wand of flame (49)
 y - a wand of charming (8)
 I - a wand of digging (5)
Scrolls
 b - a scroll of blinking
 h - a scroll of fog
 n - 3 scrolls of immolation
 o - 7 scrolls of teleportation
 x - 2 scrolls of poison
 J - 2 scrolls of vulnerability
 O - 4 scrolls of enchant armour
 T - 2 scrolls of revelation
 Y - a scroll of silence
Potions
 i - 2 potions of might
 j - 2 potions of degeneration
 k - 4 potions of brilliance
 p - 2 potions of cancellation {unknown}
 t - a potion of mutation
 u - 2 potions of berserk rage
 z - a potion of resistance
 F - a potion of magic {unknown}
 K - 2 potions of attraction {unknown}
Miscellaneous
 D - a tin of tremorstones (1/2)
 N - a phial of floods (inert)
 R - a sack of spiders
 Z - a lightning rod (4/4)


   Skills:
 + Level 9.3 Fighting
 - Level 18.0 Polearms
 - Level 2.0 Throwing
 - Level 11.0 Dodging
 - Level 6.0 Stealth
 - Level 5.6 Spellcasting
 - Level 6.2 Summonings
 - Level 9.0 Invocations
 - Level 5.0 Evocations


You had 21 spell levels left.
You knew the following spells:

 Your Spells              Type           Power      Damage    Failure   Level
a - Call Imp              Summ           24%        N/A       4%          2

Your spell library contained the following spells:

 Spells                   Type           Power      Damage    Failure   Level
 Apportation              Tloc           4%         N/A       32%         1
 Magic Dart               Conj           8%         1d3       32%         1
 Necrotise                Necr           8%         1d4       32%         1
 Slow                     Hex            8%         N/A       32%         1
 Blink                    Tloc           4%         N/A       45%         2
 Jinxbite                 Hex            4%         N/A       45%         2
 Sublimation of Blood     Necr           2%         N/A       45%         2
 Martyr's Knell           Necr/Summ      7%         N/A       67%         4
 Confusing Touch          Hex            2%         N/A       69%         3
 Sigil of Binding         Hex            2%         N/A       69%         3
 Vampiric Draining        Necr           2%         2d6       69%         3
 Fulminant Prism          Conj/Alch      1%         3d5       97%         4
 Petrify                  Alch/Erth      2%         N/A       97%         4
 Alistair's Intoxication  Alch           1%         N/A       100%        5
 Curse of Agony           Necr           2%         N/A       100%        5
 Irradiate                Conj/Alch      1%         3d12      100%        5


Dungeon Overview and Level Annotations

Branches:
Dungeon (13/15)            Temple (0/1) D:7            Lair (0/5) D:9
    Orc (0/2) D:10
 Vaults: D:13-14

Altars:
Dithmenos
Hepliaklqana
Kikubaaqudgha
Nemelex Xobeh
Okawaru
Qazlal
Sif Muna
Trog
Uskayaw
Wu Jian
Xom
Yredelemnul
Zin

Shops:
D:5 :   D:9 [

Annotations:
D:5 1 runed translucent door
D:13 Suamaseekk's ghost, journeyman DsAl


Innate Abilities, Weirdness & Mutations

Your life essence is reduced to manifest your ancestor. (-10% HP)
((You are very nimble when in or above water. (Stealth+, EV+, Speed+++)))
Your lower body shifts to a powerful aquatic tail in water.


Message History

Unknown command.
Reach: v) +1 trident (flame)
Press: ? - help, Dir - move target, f - ogre mage, p - gargoyle
Aim: an ogre mage, wielding a +0 whip of electrocution and wearing a +0 robe (severely wounded, slightly transparent, about 20% to evade your +1 trident of flaming)
Okay, then.
You hit the gargoyle. You burn the gargoyle.
The gargoyle is severely damaged.
The gargoyle hits you but does no damage.
You completely miss the gargoyle.
The gargoyle is severely damaged.
The gargoyle hits you with a +0 flail!
You puncture the gargoyle! You burn the gargoyle.
You destroy the gargoyle!
The ogre mage points at you and mumbles some strange words.
You suddenly lose the ability to move!
The ogre mage hits you but does no damage.
The deep elf archer shoots an arrow.
The arrow misses the ogre mage.
The arrow hits you!!
* * * LOW HITPOINT WARNING * * *
The ogre mage hits you with a +0 whip of electrocution.
* * * LOW HITPOINT WARNING * * *
You can move again.
Unknown command.
Unknown command.
Unknown command.
You hit the ogre mage. You burn the ogre mage.
The ogre mage is almost dead.
The deep elf archer shoots an arrow.
The arrow barely misses the ogre mage.
The arrow hits you!
* * * LOW HITPOINT WARNING * * *
Unknown command.
Okay, then.
Read: scroll of fear
Press: ? - help, Dir - look around, f - activate Look: an ogre mage, wielding a +0 whip of electrocution and wearing a +0 robe (almost dead, slightly transparent, chance to affect: 64%)
As you read the scroll of fear, it crumbles to dust.
You assume a fearsome visage.
The ogre mage easily resists.
The deep elf archer looks frightened!
The ogre mage hits you with a +0 whip of electrocution!
You die...

#...# #~~~..# #..O.
+.....## +...#
+......# #..p^
+......# #../#
#~~~...## #...#
#≈≈~~...#
#.e.#####≈≈≈~.#.###
#...#..))≈≈≈~......
#...O@...≈≈≈~.###.#
#[..#...#≈≈~..# .#
#########≈~.#.#
#..##.# #####.# #.#
#.# #.# #..


You could see an ogre mage (invisible) and a deep elf archer (repels missiles,
fleeing).

Vanquished Creatures
  A frost giant (D:11)
  A hydra (D:13)
  3 vault guards (D:13)
  2 two-headed ogres
  4 death knights (D:12)
  A skeletal warrior (D:12)
  2 deep elf pyromancers
  2 ugly things
  3 cyclopes
  Maurice (D:7)
  2 manticores
  A meliai (D:11)
  2 unseen horrors
  2 gargoyles
  A komodo dragon (D:12)
  A rime drake (D:9)
  A tormentor (D:12)
  A freezing wraith (D:12)
  A tengu conjurer (D:13)
  6 trolls
  A queen bee (shapeshifter) (D:11)
  The ghost of Azoth the Magician, a novice SpAl (D:5)
  2 polar bears (D:9)
  7 slime creatures
  3 shadows
  A ynoxinul (D:9)
  A wyvern (D:10)
  5 wraiths
  Eustachio (D:6)
  2 humans (D:13)
  7 yaks (D:8)
  2 steam dragons (D:7)
  5 vampire mosquitoes (D:12)
  Edmund (D:4)
  2 acid dragons
  2 water moccasins
  11 orc warriors
  An elephant zombie (D:7)
  6 ice beasts
  2 black bears (D:5)
  5 sky beasts
  2 ogres
  3 wolves (D:9)
  3 centaurs
  3 kobold brigands
  An elf zombie (D:7)
  5 bullfrogs
  2 gnoll sergeants (D:10)
  4 scorpions
  2 water moccasin zombies (D:5)
  A wight (D:8)
  A howler monkey (D:13)
  4 electric eels (D:9)
  2 bombardier beetles
  3 bullfrog zombies (D:5)
  2 jellies
  2 centaur zombies (D:7)
  7 hounds
  14 orc priests
  Crazy Yiuf (D:6)
  5 iguanas
  Jessica (D:3)
  2 gnoll boudas (D:8)
  4 sleepcaps
  Terence (D:3)
  9 orc wizards
  A scorpion zombie (D:7)
  Natasha (thrice) (D:4)
  An ogre zombie (D:7)
  2 hound zombies (D:7)
  Robin (D:4)
  7 gnolls
  3 howler monkey zombies (D:7)
  4 adders
  4 shadow imps
  2 white imps
  2 ufetubi
  3 adder zombies
  2 ribbon worms
  49 orcs
  5 endoplasms
  3 giant cockroaches
  23 goblins
  13 hobgoblins
  4 quokkas
  4 ball pythons
  4 bats
  2 frilled lizards (D:1)
  15 kobolds
  6 rats
353 creatures vanquished.

Vanquished Creatures (collateral kills)
  A death knight (D:12)
  A deep elf pyromancer (D:12)
  A tormentor (D:12)
  A shadow (D:9)
  A slime creature (D:10)
  A spriggan (shapeshifter) (D:11)
  2 orc warriors
  A wolf (D:9)
  A bullfrog (D:7)
  A wight (D:8)
  An electric eel (D:9)
  An orc priest (D:9)
  An orc wizard (D:11)
  A gnoll (D:10)
  A white imp (D:8)
  An adder zombie (D:7)
  4 orcs
  A rat (D:5)
22 creatures vanquished.

Vanquished Creatures (others)
  A two-headed ogre (D:8)
  A wraith (D:7)
  An orc priest (D:8)
  3 ancestors
  7 knights
  An orc wizard (D:8)
  A killer bee zombie (D:7)
  An orc (D:8)
16 creatures vanquished.

Grand Total: 391 creatures vanquished

Notes
Turn   | Place    | Note
-------+----------+-------------------------------------------
     0 | D:1      | Newt the Merfolk Gladiator began the quest for the Orb.
     0 | D:1      | Reached XP level 1. HP: 16/16 MP: 1/1
   185 | D:1      | Reached XP level 2. HP: 23/23 MP: 2/2
   500 | D:2      | Reached XP level 3. HP: 30/30 MP: 3/3
  1186 | D:3      | Noticed Terence
  1195 | D:3      | Killed Terence
  1196 | D:3      | Reached skill level 5 in Polearms
  1196 | D:3      | Reached XP level 4. HP: 33/37 MP: 4/4
  1196 | D:3      | Identified the +0 ring mail of Ubobucheh {rPois rC+ Will+
                  | Str+4}
  1242 | D:3      | Found a shadowy altar of Dithmenos.
  1246 | D:3      | Noticed Jessica
  1274 | D:3      | Killed Jessica
  1275 | D:3      | Reached skill level 6 in Polearms
  1275 | D:3      | Reached XP level 5. HP: 17/42 MP: 5/5
  1604 | D:3      | Reached skill level 7 in Polearms
  2030 | D:3      | Found a faded altar of an unknown god.
  2136 | D:4      | Noticed Robin
  2149 | D:4      | Reached XP level 6. HP: 44/48 MP: 6/6
  2157 | D:4      | Killed Robin
  2302 | D:4      | Reached skill level 8 in Polearms
  2682 | D:4      | Noticed Natasha
  2690 | D:4      | Killed Natasha
  2708 | D:4      | Noticed Natasha
  2715 | D:4      | Killed Natasha
  2896 | D:4      | Reached skill level 9 in Polearms
  2902 | D:4      | Reached XP level 7. HP: 39/54 MP: 7/7
  3074 | D:4      | Noticed Edmund
  3109 | D:4      | Killed Edmund
  3110 | D:4      | Reached skill level 5 in Dodging
  3521 | D:4      | Noticed Natasha
  3538 | D:4      | Killed Natasha
  3903 | D:5      | Entered Level 5 of the Dungeon
  3959 | D:5      | Found a runed translucent door.
  3997 | D:5      | Reached skill level 1 in Stealth
  4074 | D:5      | Reached XP level 8. HP: 39/60 MP: 8/8
  4173 | D:5      | Found a hazy altar of Hepliaklqana.
  4221 | D:5      | Reached skill level 5 in Stealth
  4341 | D:5      | Found Umuruogh's Book Emporium.
  4375 | D:5      | Found a runed translucent door.
  4378 | D:5      | Noticed Azoth's ghost (novice SpAl)
  4440 | D:5      | Reached skill level 5 in Fighting
  4466 | D:5      | Found a basalt altar of Yredelemnul.
  4825 | D:5      | Became a worshipper of Hepliaklqana the Forgotten
  4922 | D:6      | Noticed a gargoyle
  4938 | D:6      | Killed a gargoyle
  4939 | D:6      | Reached XP level 9. HP: 12/74 MP: 9/9
  5095 | D:6      | Reached skill level 1 in Evocations
  5111 | D:6      | Noticed Eustachio
  5356 | D:6      | Killed Eustachio
  5399 | D:6      | Found an ornate altar of the Wu Jian Council.
  5486 | D:6      | Found a hide-covered altar of Uskayaw.
  5487 | D:6      | Found an iron altar of Okawaru.
  6003 | D:6      | Reached skill level 5 in Evocations
  6287 | D:6      | Found a runed translucent door.
  6288 | D:6      | Noticed Crazy Yiuf
  6460 | D:6      | Killed Crazy Yiuf
  6514 | D:7      | Identified the +4 plate armour "Kaunlaqi" {Stlth+}
  6551 | D:7      | Noticed Maurice
  6558 | D:7      | Maurice stole 2 throwing nets
  6563 | D:7      | Maurice stole 255 gold
  6581 | D:7      | Reached skill level 10 in Polearms
  6617 | D:7      | Maurice stole a javelin
  6626 | D:7      | Killed Maurice
  6627 | D:7      | Reached skill level 11 in Polearms
  6627 | D:7      | Reached XP level 10. HP: 18/80 MP: 0/10
  6950 | D:7      | Found a transporter.
  6969 | D:7      | Noticed a deep elf pyromancer
  6971 | D:7      | Found a transporter.
  7008 | D:7      | Reached skill level 12 in Polearms
  7100 | D:7      | Reached * piety under Hepliaklqana
  7116 | D:7      | Found a staircase to the Ecumenical Temple.
  7342 | D:7      | Found an ancient bone altar of Kikubaaqudgha.
  7409 | D:7      | Reached skill level 13 in Polearms
  7947 | D:8      | Reached skill level 14 in Polearms
  7953 | D:8      | Reached skill level 1 in Invocations
  8109 | D:8      | Found a shimmering altar of Xom.
  8109 | D:8      | Noticed a two-headed ogre
  8143 | D:8      | HP: 3/70 [wight/+1 morningstar (3)]
  8546 | D:8      | Killed a two-headed ogre
  8551 | D:8      | Reached ** piety under Hepliaklqana
  8554 | D:8      | Remembered your ancestor Wystan as a knight
  8690 | D:8      | Reached skill level 5 in Invocations
  9253 | D:9      | Found a glowing silver altar of Zin.
  9253 | D:9      | Noticed an angel
  9296 | D:9      | Reached XP level 11. HP: 77/77 MP: 15/15
  9815 | D:9      | Found a staircase to the Lair.
  9935 | D:9      | Noticed a two-headed ogre
  9943 | D:9      | Killed a two-headed ogre
  9944 | D:9      | Reached skill level 1 in Summonings
 10057 | D:9      | Noticed a manticore
 10063 | D:9      | Killed a manticore
 10064 | D:9      | Reached skill level 1 in Spellcasting
 10122 | D:9      | Found a sparkling altar of Nemelex Xobeh.
 10127 | D:9      | Found Vafaymn's Antique Armour Emporium.
 10135 | D:9      | Bought a pair of jewelled boots for 275 gold pieces
 10135 | D:9      | Identified the +1 pair of boots of Xyripse {-Tele rCorr
                  | Str+6} (You bought it in a shop on level 9 of the Dungeon)
 10406 | D:9      | Found a bloodstained altar of Trog.
 10425 | D:9      | Found a shimmering blue altar of Sif Muna.
 10429 | D:9      | Got Sif Muna's Compendium of Contamination
 10575 | D:10     | Entered Level 10 of the Dungeon
 11136 | D:10     | Found a staircase to the Orcish Mines.
 11305 | D:10     | Found a stormy altar of Qazlal.
 11510 | D:10     | Learned a level 2 spell: Call Imp
 11549 | D:11     | Reached skill level 5 in Summonings
 11634 | D:11     | Reached *** piety under Hepliaklqana
 11768 | D:11     | Noticed a deep elf pyromancer
 11776 | D:11     | Killed a deep elf pyromancer
 11777 | D:11     | Reached skill level 5 in Spellcasting
 11777 | D:11     | Reached XP level 12. HP: 76/82 MP: 19/19
 12035 | D:11     | Noticed a frost giant
 12036 | D:11     | Found a transporter.
 12036 | D:11     | Noticed a yaktaur captain
 12037 | D:11     | Noticed a boulder beetle
 12055 | D:11     | Found a transporter.
 12400 | D:5      | Killed Azoth's ghost
 12516 | D:12     | Noticed a death knight
 12519 | D:12     | Noticed a death knight
 12521 | D:12     | Noticed a death knight
 12779 | D:11     | Killed a frost giant
 12780 | D:11     | Reached skill level 10 in Dodging
 12786 | D:11     | Identified the amulet "Toewof" {Faith rElec rN+ Str+3
                  | Dex+2}
 12964 | D:12     | Noticed a death knight
 12987 | D:12     | Killed a death knight
 12996 | D:12     | Killed a death knight
 13009 | D:12     | HP: 2/82 [freezing wraith (13)]
 13263 | D:12     | Killed a death knight
 13307 | D:12     | Reached skill level 15 in Polearms
 13493 | D:12     | Noticed a death knight
 13505 | D:12     | Killed a death knight
 13638 | D:12     | Identified the blade talisman of Ohuoppoe {rF+ rN++ Dex-4}
 13666 | D:12     | Killed a death knight
 13667 | D:12     | Reached skill level 16 in Polearms
 14014 | D:12     | HP: 4/82 [??? (1)]
 14248 | D:12     | Reached XP level 13. HP: 41/88 MP: 21/21
 14479 | D:12     | Identified the ring of Wu Jian's Esteem {rC+ Dex+2}
 14819 | D:12     | Reached skill level 17 in Polearms
 14968 | D:13     | Reached **** piety under Hepliaklqana
 15001 | D:13     | Noticed Suamaseekk's ghost (journeyman DsAl)
 15443 | D:13     | Reached skill level 18 in Polearms
 15483 | D:13     | Noticed a vault guard
 15733 | D:13     | Killed a vault guard
 15886 | D:13     | Noticed a vault guard
 15918 | D:13     | Killed a vault guard
 16080 | D:13     | Noticed a vault guard
 16320 | D:13     | Killed a vault guard
 16328 | D:13     | Paralysed by an ogre mage for 4 turns
 16334 | D:13     | Slain by an ogre mage

Illustrated notes

Levels and vault maps discovered:
D:1:      saegor_arrival_simple_d, layout_basic
D:2:      layout_rooms, skrybe_limestone_x, kennysheep_potato
D:3:      layout_rooms, nicolae_dithmenos_shadow_blocks,
          dilly_ecumenical_altar_fadedgnrine, minmay_distorted, uniq_jessica,
          uniq_terence
D:4:      kennysheep_the_goblin_king, layout_basic, st_stairs_2,
          cheibrodos_gnoll_hut, uniq_robin, uniq_edmund, uniq_natasha
D:5:      layout_rooms, nicolae_hepliaklqana_hippocampus,
          nicolae_yredelemnul_corpse_copse, serial_shops,
          nicolae_shop_tiny_glass, ebering_ghost_sewer_f, nrook_mini_vaults
D:6:      layout_rooms, mainiacjoe_overflow_cross_hatched,
          gammafunk_temple_overflow_statue, minmay_fractal_squares_5,
          uniq_eustachio, uniq_crazy_yiuf_cottage
D:7:      gammafunk_the_bubble [the_bubble_gammafunk_split], layout_basic,
          minmay_temple_entry_slanted, roadster_capsule_ark_zombie, uniq_maurice
D:8:      layout_cave_pods, xom_confusion_cloud
D:9:      layout_basic, nzn_overflow_gifts_of_might_and_magic, zin_angel,
          nicolae_overflow_hidden_temple, hellmonk_lair_entry_icy, serial_shops,
          shop, serial_bayou_lagoon_b
D:10:     layout_rooms, mainiacjoe_overflow_alcove_2, david_orc_4
D:11:     gammafunk_sealed_arena, layout_basic, billiards_dpeg
D:12:     cheibrodos_tormentor_scu, layout_long_grid
D:13:     layout_loops_ring, grunt_vaults_entry_fortified,
          gauntlet_entry_generic, gammafunk_ghost_hive

Skill      XL: |  1  2  3  4  5  6  7  8  9 10 11 12 13 |
---------------+----------------------------------------+-----
Fighting       | 3 4 7 8 9 |  9.3
Polearms       | 5 6 7 9 11 14 16 18 | 18.0
Dodging        | 7 11 | 11.0
Stealth        | 3 6 |  6.0
Evocations     | 5 |  5.0
Invocations    | 6 9 |  9.0
Summonings     | 5 6 |  6.2
Spellcasting   | 5 |  5.6
Throwing       | |  2.0

Action                     |  1- 3 |  4- 6 |  7- 9 | 10-12 | 13-15 || total
---------------------------+-------+-------+-------+-------+-------++-------
  Melee: Trident           |   104 |   195 |   407 |   673 |   168 ||  1547
         Punch             |     1 |     1 |     8 |     9 |       ||    19
         Tailslap          |       |       |       |     2 |     2 ||     4
  Throw: Throwing net      |       |     1 |     5 |       |       ||     6
   Cast: Call Imp          |       |       |       |     3 |       ||     3
 Invoke: Ancestor Life: Kn |       |       |       |     1 |       ||     1
         Recall Ancestor   |       |       |       |     3 |       ||     3
  Evoke: Wand              |       |       |     5 |     5 |     1 ||    11
         Tin of tremorston |       |       |       |     2 |     1 ||     3
         Sack of spiders   |       |       |       |     1 |       ||     1
         Phial of floods   |       |       |       |       |     1 ||     1
    Use: Scroll            |       |     9 |     3 |    11 |     2 ||    25
         Potion            |       |     2 |     4 |    12 |       ||    18
   Stab: Sleeping          |     3 |       |     4 |    13 |     2 ||    22
         Held in net/web   |       |       |     7 |       |       ||     7
         Invisible         |       |       |     3 |     6 |       ||     9
         Distracted        |       |       |     1 |     5 |       ||     6
 Armour: Leather armour    |    26 |       |       |       |       ||    26
         Ring mail         |       |    99 |   202 |   166 |    41 ||   508
         Skin              |       |       |    38 |       |       ||    38
         Troll leather arm |       |       |       |    85 |    10 ||    95
  Dodge: Dodged            |    49 |   108 |   298 |   278 |    65 ||   798

Table legend: (Time is in decaauts)
 A = Elapsed time spent in this place.
 B = Non-inter-level travel time spent in this place.
 C = Inter-level travel time spent in this place.
 D = Time resting spent in this place.
 E = Time spent auto-exploring this place.
 F = Levels seen in this place.
 G = Mean time per level.
                   A        B        C        D        E       F      G
               +--------+--------+--------+--------+--------+-----+--------+
         Total |  16041 |  15115 |    926 |   5201 |   7228 |  13 | 1233.9 |
       Dungeon |  16041 |  15115 |    926 |   5201 |   7228 |  13 | 1233.9 |
               +--------+--------+--------+--------+--------+-----+--------+

Top non-repeatable levels by time:
    D:12: 1975 daAuts
     D:4: 1816 daAuts
     D:7: 1569 daAuts
     D:8: 1471 daAuts
     D:6: 1449 daAuts
    D:13: 1309 daAuts
    D:11: 1217 daAuts
     D:5: 1196 daAuts
     D:9: 1125 daAuts
     D:3: 897 daAuts
    D:10: 839 daAuts
     D:2: 709 daAuts
     D:1: 464 daAuts
